Map: Base du roi Sejong EC

Players

PaVLiK - Winner!

  • Race: Zerg Zerg
  • League: Gold
  • Spawn Location: 11:00

zidar

  • Race: Zerg Zerg
  • League: Gold
  • Spawn Location: 5:00

VOD

Have the link to the VOD?

Description

Time

  • Played on: June 5, 2016, 10:41 a.m.
  • Length: 10:39
Show
View Real Time Build Order
Export as new Build Order

PaVLiK Zerg - Winner!

Build Orders: Pool First 

Get SALT Encoding   

  12  0:10  Drone  
  13  0:14  Overlord  
  13  0:17  Drone  
  14  0:34  Drone x2  
  16  0:44  Extractor  
  16  0:45  Drone  
  16  0:49  Spawning Pool  
  15  0:53  Drone  
  16  1:08  Drone  
  17  1:23  Hatchery  
  16  1:36  Queen  
  16  1:38  Zergling x2  
  19  1:45  Metabolic Boost  
  19  1:50  Drone  
  20  1:59  Overlord  
  20  2:14  Drone x2  
  22  2:26  Zergling x4  
  24  2:32  Evolution Chamber  
  24  2:36  Queen  
  25  2:38  Drone x2  
  26  3:10  Zergling x4  
  26  3:11  Zergling x6  
  31  3:19  Zerg Melee Weapons Level 1  
  30  3:23  Drone x4  
  34  3:38  Drone  
  35  3:42  Overlord  
  35  3:48  Overlord x2  
  35  3:50  Lair  
  35  4:00  Overlord  
  35  4:01  Zergling x4  
  35  4:02  Zergling x6  
  40  4:14  Zergling x6  
  43  4:38  Drone  
  43  4:39  Drone x5  
  49  4:46  Drone x2  
  45  5:02  Zergling x10  
  49  5:08  Drone  
  50  5:15  Pneumatized Carapace  
  47  5:23  Hatchery  
  46  5:34  Zergling x14  
  46  5:35  Zergling x2  
  54  5:38  Zerg Ground Armor Level 1  
  43  5:57  Queen  
  43  5:59  Zergling x6  
  43  6:00  Zergling x6  
  43  6:03  Zergling x6  
  48  6:07  Zergling x2  
  38  6:21  Zergling x6  
  38  6:29  Queen  
  41  6:32  Zergling x2  
  41  6:33  Zergling x2  
  41  6:37  Queen  
  41  6:39  Zergling x4  
  46  6:45  Drone  
  43  7:05  Queen  
  41  7:10  Zergling x2  
  41  7:11  Zergling x20  
  52  7:20  Spire  
  51  7:28  Zergling x6  
  54  7:33  Zerg Melee Weapons Level 2  
  51  7:44  Zergling x12  
  55  7:54  Extractor  
  55  7:55  Extractor  
  53  7:59  Drone x2  
  53  8:00  Drone  
  53  8:01  Drone x6  
  61  8:22  Drone x2  
  61  8:23  Overlord x2, Drone x2  
  61  8:24  Overlord  
  56  8:38  Zergling x6  
  56  8:39  Zergling x8  
  55  8:47  Drone x3  
  55  8:48  Drone x2  
  58  8:53  Mutalisk x3  
  64  8:57  Extractor  
  64  8:59  Extractor  
  62  9:06  Mutalisk x3  
  67  9:34  Mutalisk x2  
  67  9:36  Zergling x2  
  67  9:37  Zergling x22  
  81  9:59  Zergling x6  
  83  10:01  Mutalisk x2, Zergling x4  
Show
View Real Time Build Order
Export as new Build Order

zidar Zerg 

Build Orders: Pool First 

Get SALT Encoding   

  12  0:02  Drone  
  13  0:12  Overlord  
  13  0:17  Drone  
  13  0:21  Extractor  
  13  0:23  Drone  
  15  0:35  Drone x2  
  17  0:50  Spawning Pool  
  17  0:51  Drone  
  17  1:15  Hatchery  
  17  1:16  Drone  
  17  1:25  Drone  
  17  1:29  Extractor  
  17  1:31  Drone  
  18  1:36  Queen  
  20  1:44  Overlord  
  20  1:59  Zergling x4  
  22  2:07  Drone  
  23  2:12  Queen  
  25  2:18  Zergling x2  
  26  2:32  Roach Warren  
  26  2:35  Zergling x4  
  26  2:36  Zergling x2  
  28  3:14  Roach  
  28  3:15  Roach x3  
  28  3:19  Metabolic Boost  
  36  3:58  Overlord  
  36  3:59  Overlord x2  
  36  4:04  Extractor  
  36  4:06  Drone  
  35  4:31  Roach  
  35  4:32  Roach x7  
  51  4:49  Drone x5  
  50  5:08  Roach x4  
  58  5:23  Roach  
  58  5:25  Overlord  
  60  5:30  Overlord  
  36  6:25  Roach  
  36  6:26  Roach x8  
  46  6:35  Lair  
  46  6:39  Drone x2  
  50  6:54  Roach x2  
  44  7:16  Roach x4  
  44  7:17  Roach x4  
  60  7:28  Extractor, Drone  
  60  7:29  Extractor  
  59  7:37  Spire  
  52  7:49  Roach x3  
  52  8:04  Roach x3  
  58  8:16  Drone x3  
  38  8:50  Mutalisk  
  38  8:51  Mutalisk x3  
  38  8:53  Zergling x2  
  47  9:11  Mutalisk x2  
  51  9:49  Mutalisk x3  
  57  9:53  Drone  
  57  9:54  Drone  
Tags
 
Add a new tag
Caveats
  • Supply blocks, unpowered buildings, or Contaminate may cause inaccurate times.
  • Supply counts are checked every 10 seconds.